Map: Dusty Gorge

Players

Adversity - Winner!

  • Race: Terran Terran
  • Spawn Location: 9:00

YoursTruly - Winner!

  • Race: Terran Terran
  • Spawn Location: 11:00

Sana

  • Race: Terran Terran
  • Spawn Location: 5:00

BruceLee

  • Race: Terran Terran
  • Spawn Location: 3:00

VOD

Have the link to the VOD?

Description

Time

  • Played on: Sept. 1, 2018, 7:40 a.m.
  • Length: 4:05
Show
View Real Time Build Order
Export as new Build Order

Adversity Terran - Winner!

Build Orders:  

Get SALT Encoding   

  12  0:02  SCV  
  13  0:14  SCV  
  13  0:20  Supply Depot  
  14  0:26  SCV  
  15  0:30  Refinery  
  15  0:41  SCV  
  16  0:47  Barracks  
  16  0:54  SCV  
  17  1:03  Barracks  
  17  1:18  Barracks  
  17  1:23  SCV  
  18  1:33  Reaper  
  19  1:42  Orbital Command  
  19  1:51  Refinery  
  19  1:52  Reaper  
  20  2:01  Supply Depot  
  20  2:05  Reaper  
  21  2:10  Reaper  
  21  2:15  SCV  
  23  2:31  Reaper  
  24  2:40  Supply Depot  
  24  2:42  Reaper  
  24  2:43  Reaper  
  26  2:44  SCV  
  26  2:47  Barracks  
  27  3:03  Reaper  
  28  3:06  Barracks, SCV  
  29  3:15  Reaper  
  30  3:23  Reaper  
  34  3:48  SCV  
  35  4:01  Command Center  
Show
View Real Time Build Order
Export as new Build Order

YoursTruly Terran - Winner!

Build Orders: Cyclone Opening 

Get SALT Encoding   

  12  0:01  SCV  
  13  0:13  SCV  
  14  0:18  Supply Depot  
  14  0:25  SCV  
  15  0:30  Refinery  
  15  0:40  SCV  
  16  0:46  Barracks  
  16  0:52  SCV  
  17  0:57  Refinery  
  18  1:04  SCV  
  18  1:16  SCV  
  19  1:28  SCV  
  20  1:33  Factory  
  20  1:37  Reaper  
  21  1:41  Orbital Command  
  21  1:51  Supply Depot  
  21  2:07  SCV  
  22  2:09  Barracks Reactor  
  22  2:16  Cyclone  
  22  2:20  SCV  
  22  2:22  Supply Depot  
  23  3:00  Cyclone  
  23  3:01  Marine x2  
  26  3:05  SCV  
  24  3:18  SCV  
  24  3:19  Marine  
  22  3:20  Marine  
  22  3:30  SCV  
  21  3:47  Marine x2  
Show
View Real Time Build Order
Export as new Build Order

Sana Terran 

Build Orders:  

Get SALT Encoding   

  12  0:01  SCV  
  13  0:13  SCV  
  14  0:18  Supply Depot  
  14  0:26  SCV  
  15  0:40  SCV  
  15  0:41  Barracks  
  16  0:45  Refinery  
  16  0:52  SCV  
  17  1:04  SCV  
  18  1:16  SCV  
  18  1:18  Barracks  
  19  1:26  Barracks  
  19  1:28  SCV  
  19  1:30  Reaper  
  21  1:40  Supply Depot  
  21  1:50  Orbital Command  
  21  1:56  Refinery  
  21  2:02  Reaper  
  21  2:05  Reaper  
  23  2:12  Supply Depot  
  23  2:18  SCV  
  24  2:33  Reaper  
  24  2:37  Reaper  
  26  2:44  SCV  
  26  2:54  Reaper  
  25  3:00  SCV  
  25  3:02  Command Center  
  25  3:05  Reaper  
  27  3:10  Reaper  
  28  3:18  SCV  
  29  3:25  Supply Depot  
  29  3:26  Reaper  
  29  3:52  Bunker  
Show
View Real Time Build Order
Export as new Build Order

BruceLee Terran 

Build Orders:  

Get SALT Encoding   

  12  0:01  SCV  
  13  0:13  SCV  
  14  0:18  Supply Depot  
  14  0:25  SCV  
  15  0:46  Barracks  
  15  0:51  Barracks  
  15  0:58  Refinery  
  15  1:03  Refinery  
  15  1:09  SCV  
  16  1:21  SCV  
  17  1:33  SCV  
  18  1:44  Barracks Tech Lab  
  18  1:45  Supply Depot  
  18  1:48  Barracks Tech Lab  
  18  2:02  Marauder  
  18  2:03  Concussive Shells  
  20  2:09  Marauder  
  22  2:24  Marauder  
  24  2:31  Marauder  
  26  2:45  Marauder  
  26  3:10  Marauder  
  26  3:11  Marauder  
  25  3:32  Marauder x2  
Tags
 
Add a new tag
Caveats
  • Supply blocks, unpowered buildings, or Contaminate may cause inaccurate times.
  • Supply counts are checked every 10 seconds.